 Dungeon Crawl Stone Soup version 0.25-a0-578-gc91f01c39c (webtiles) character file.

Game seed: 13064570554685054803, levelgen mode: deterministic

3098 Irikuri the Shield-Bearer (level 9, -12/75 HPs)
             Began as a Minotaur Gladiator on Mar 7, 2020.
             Was a High Priest of Okawaru.
             Killed by the air
             ... invoked by Gastronok
              (35 damage)
             ... on level 8 of the Dungeon.
             The game lasted 00:24:03 (3427 turns).

Irikuri the Shield-Bearer (Minotaur Gladiator)      Turns: 3427, Time: 00:24:03

Health: -12/75     AC:  3    Str: 23    XL:     9   Next: 59%
Magic:  9/9        EV: 14    Int:  7    God:    Okawaru [*****.]
Gold:   252        SH: 12    Dex: 13    Spells: 8/9 levels left

rFire    . . .     SeeInvis .   p - +2 dagger (venom)
rCold    . . .     Gourm    .   e - +1 kite shield
rNeg     . . .     Faith    .   b - +0 leather armour
rPois    .         Spirit   .   c - +0 hat
rElec    .         Reflect  .   (no cloak)
rCorr    .         Harm     .   (no gloves)
MR       .....                  (no boots)
Stlth    ++........             g - amulet of regeneration
HPRegen  1.02/turn              (no ring)
MPRegen  0.11/turn              k - +2 ring of intelligence

@: no status effects
A: retaliatory headbutt, horns 2, regeneration 1, strong 1
a: Heroism, Finesse, Renounce Religion


You were on level 8 of the Dungeon.
You worshipped Okawaru.
Okawaru was extremely pleased with you.
You were hungry.

You visited 1 branch of the dungeon, and saw 8 of its levels.

You collected 252 gold pieces.

Inventory:

Hand Weapons
 a - a +0 long sword
 l - a +0 hunting sling
 p - a +2 dagger of venom (weapon)
 t - a +0 short sword
 w - a +0 vorpal shortbow
 A - a +1 halberd
 D - a +1 dagger of chaos
Missiles
 d - 3 throwing nets (quivered)
 m - 77 stones
 x - 26 arrows
Armour
 b - a +0 leather armour (worn)
 c - a +0 hat (worn)
 e - a +1 kite shield (worn)
 E - a +1 robe of magic resistance
Jewellery
 g - an amulet of regeneration (around neck)
 i - an uncursed ring of fire
 k - a +2 ring of intelligence (right hand)
 v - an uncursed ring of fire
 B - an uncursed amulet of magic regeneration {unknown}
Wands
 C - a wand of random effects (19)
Scrolls
 j - 2 scrolls of fear
 n - 4 scrolls of identify
 q - 3 scrolls of remove curse
 r - a scroll of teleportation
 s - a scroll of blinking
 u - a scroll of enchant armour
 y - a scroll of acquirement {unknown}
 z - a scroll of enchant weapon
Potions
 o - a potion of magic
Comestibles
 f - 5 rations
 h - 10 chunks of flesh


   Skills:
 + Level 5.7 Fighting
 + Level 5.9(6.9) Short Blades
 + Level 5.8(7.2) Long Blades
 + Level 1.7(2.4) Slings
 + Level 2.1(2.4) Throwing
 + Level 4.9 Armour
 + Level 7.3 Dodging
 + Level 3.0 Stealth
 + Level 7.5 Shields
 + Level 0.7 Spellcasting
 + Level 0.3 Necromancy


You had 8 spell levels left.
You knew the following spells:

 Your Spells              Type           Power        Failure   Level  Hunger
a - Animate Skeleton      Necr           N/A          75%         1    ##.....

Your spell library contained the following spells:

 Spells                   Type           Power        Failure   Level  Hunger
 Pain                     Necr           #...         75%         1    ##.....
 Vampiric Draining        Necr           #.........   98%         3    ####...
 Animate Dead             Necr           N/A          100%        4    #####..
 Agony                    Necr           #.......     100%        5    ######.


Dungeon Overview and Level Annotations

Branches:
Dungeon (8/15)
 Temple: D:4-7         Lair: D:8-11

Altars:
Ashenzari
Cheibriados
Elyvilon
Gozag
Kikubaaqudgha
Makhleb
Okawaru
Vehumet
The Shining One

Annotations:
D:8 Gastronok


Innate Abilities, Weirdness & Mutations

You reflexively headbutt those who attack you in melee.
You have a pair of horns on your head.
Your natural rate of healing is unusually fast.
Your muscles are strong. (Str +2)


Message History

You butcher the jackal corpse.
h - 10 chunks of flesh (gained 1)
You see here a jackal skeleton.
Found a stone staircase leading up.
Found a stone staircase leading down.
Found a potion of degeneration.
You are feeling hungry.
Okay, then.
Found a bubbling golden potion.
Gastronok the Ponderous comes into view.
He is wearing a +0 hat of see invisible.
Gastronok gurgles horribly!
Gastronok waves his eye-stalks in wide circles.
The air twists around and strikes you!!
You see here a bubbling golden potion.
Gastronok waves his eye-stalks in wide circles.
The air twists around and strikes you!!
* * * LOW HITPOINT WARNING * * *
Gastronok waves his eye-stalks in wide circles.
The air twists around and strikes you!!
You die...

### #......#
...##..w...#
...........#
...........#
.........!.#
...##......#
#####......#
...'.......#
...#...@...#
.. #.......# .
##......#
######.....^#
............#
...........#
...........#
#######......#
#...!##......#


You could see Gastronok.

Vanquished Creatures
  A two-headed ogre (D:8)
  Psyche (D:8)
  Grum (D:8)
  An orc warrior (D:7)
  An ice beast (D:6)
  A hornet zombie (D:6)
  A sky beast (D:5)
  A necrophage (D:8)
  A phantom (D:6)
  4 wolves
  3 ogres (D:4)
  A centaur (D:7)
  A bullfrog (D:7)
  5 crimson imps
  A bullfrog zombie (D:8)
  2 orc priests
  2 hounds
  2 jellies
  4 orc wizards
  A gnoll shaman (D:6)
  A bullfrog skeleton (D:4)
  2 worker ants
  A hound zombie (D:5)
  Robin (D:2)
  3 adders
  8 gnolls
  A shadow imp (D:6)
  An adder skeleton (D:4)
  2 worms
  4 leopard geckos
  12 orcs
  8 giant cockroaches
  16 goblins
  9 hobgoblins
  13 jackals
  3 quokkas
  A ball python (D:4)
  4 bats
  4 frilled lizards
  8 kobolds
  A quokka zombie (D:5)
  6 rats
144 creatures vanquished.

Notes
Turn   | Place    | Note
-------+----------+-------------------------------------------
     0 | D:1      | Irikuri the Minotaur Gladiator began the quest for the Orb.
     0 | D:1      | Reached XP level 1. HP: 18/18 MP: 0/0
   151 | D:1      | Reached XP level 2. HP: 15/25 MP: 1/1
   628 | D:2      | Found a radiant altar of Vehumet.
   635 | D:2      | Found an iron altar of Okawaru.
   635 | D:2      | Found a white marble altar of Elyvilon.
   651 | D:2      | Became a worshipper of Warmaster Okawaru
   659 | D:2      | Reached XP level 3. HP: 29/30 MP: 2/2
   733 | D:2      | Found a burning altar of Makhleb.
   856 | D:2      | Noticed Robin
   896 | D:2      | Reached skill level 1 in Armour
   914 | D:2      | Killed Robin
   915 | D:2      | Reached XP level 4. HP: 19/37 MP: 3/3
  1053 | D:2      | Reached skill level 1 in Shields
  1619 | D:4      | Reached skill level 5 in Long Blades
  1619 | D:4      | Reached XP level 5. HP: 45/45 MP: 4/4
  1710 | D:4      | Gained mutation: Your muscles are strong. (Str +2) [potion
                  | of mutation]
  1710 | D:4      | Gained mutation: Your natural rate of healing is unusually
                  | fast. [potion of mutation]
  1776 | D:4      | Noticed an ogre
  1784 | D:4      | Killed an ogre
  1784 | D:4      | Reached * piety under Okawaru
  1784 | D:4      | Reached skill level 1 in Short Blades
  1784 | D:4      | Reached XP level 6. HP: 37/51 MP: 5/5
  1882 | D:4      | Reached skill level 1 in Stealth
  1882 | D:4      | Reached XP level 7. HP: 58/58 MP: 6/6
  1935 | D:4      | Reached ** piety under Okawaru
  1968 | D:5      | Entered Level 5 of the Dungeon
  2034 | D:5      | Found an opulent altar of Gozag.
  2191 | D:5      | Reached skill level 5 in Dodging
  2290 | D:5      | Found a shattered altar of Ashenzari.
  2434 | D:6      | Reached XP level 8. HP: 36/67 MP: 7/7
  2528 | D:6      | Found a glowing golden altar of the Shining One.
  2737 | D:7      | Reached *** piety under Okawaru
  2737 | D:7      | Reached skill level 1 in Slings
  2737 | D:7      | Reached skill level 5 in Shields
  2773 | D:7      | Learned a level 1 spell: Animate Skeleton
  2806 | D:7      | Reached skill level 5 in Short Blades
  2880 | D:7      | Found a snail-covered altar of Cheibriados.
  2910 | D:8      | Noticed Grum
  2925 | D:7      | Reached skill level 5 in Fighting
  3015 | D:8      | Reached XP level 9. HP: 72/74 MP: 8/8
  3028 | D:8      | Killed Grum
  3028 | D:8      | Reached **** piety under Okawaru
  3133 | D:8      | Found an ancient bone altar of Kikubaaqudgha.
  3204 | D:8      | Noticed a two-headed ogre
  3213 | D:8      | Killed a two-headed ogre
  3213 | D:8      | Received a gift from Okawaru
  3293 | D:8      | Noticed Psyche
  3301 | D:8      | Killed Psyche
  3301 | D:8      | Reached ***** piety under Okawaru
  3417 | D:8      | Noticed Gastronok
  3427 | D:8      | Killed from afar by Gastronok

Levels and vault maps discovered:
D:1:      wander_arrival_estate, layout_loops_ring
D:2:      layout_loops_cross, chequers_temple_overflow_statue_of_worship,
          kennysheep_flooded_box, corexii_corridor_pit, minmay_cut_off,
          uniq_jessica, uniq_robin
D:3:      layout_loops_corners, first_ration, minmay_unequal
D:4:      layout_loops_ring, minmay_temple_entry_hall
D:5:      layout_rooms, kennysheep_mini, evilmike_ruin_ashenzari
D:6:      layout_basic, nicolae_tso_swordbearing_angel, minmay_misc_feat_tiny,
          uniq_maggie
D:7:      layout_loops_cross, old_standard_altar, serial_shops, shop_statue,
          ebering_ghost_rock_garden, uniq_duvessa, uniq_prince_ribbit1
D:8:      layout_gridville, lemuel_doored_altar, serial_glass, glass_columns_b,
          glass_columns_c, uniq_gastronok, uniq_grum, uniq_psyche

Skill      XL: |  1  2  3  4  5  6  7  8  9 |
---------------+----------------------------+-----
Long Blades    | 4 5 |  5.8
Armour         | 1 2 3 4 |  4.9
Shields        | 1 2 4 6 7 |  7.5
Fighting       | 3 4 5 |  5.7
Dodging        | 4 5 6 7 |  7.3
Short Blades   | 1 2 4 5 |  5.9
Stealth        | 1 2 3 |  3.0
Slings         | 1 |  1.7
Throwing       | |  2.1
Spellcasting   | |  0.7
Necromancy     | |  0.3

Action                   |  1- 3 |  4- 6 |  7- 9 || total
-------------------------+-------+-------+-------++-------
Melee: Long sword        |    82 |    39 |       ||   121
       Headbutt          |    10 |    27 |    56 ||    93
       Dagger            |       |    86 |   230 ||   316
 Fire: Hunting sling     |       |       |     4 ||     4
 Cast: Animate Skeleton  |       |       |     3 ||     3
  Use: Potion            |     2 |     3 |     2 ||     7
       Scroll            |     4 |     5 |     3 ||    12
 Stab: Sleeping          |       |     1 |     4 ||     5
  Eat: Chunk             |       |     3 |     2 ||     5
       Ration            |       |       |     1 ||     1
Armor: Leather armour    |    25 |    16 |    24 ||    65
Dodge: Dodged            |    43 |    58 |    90 ||   191
Block: Kite shield       |    40 |    42 |   114 ||   196
       Rpst.: Long sword |    12 |     3 |       ||    15

Table legend:
 A = Non-vault XP
 B = Vault XP
 C = Vault XP percentage of total XP
 D = Non-vault monster count
 E = Vault monster count
 F = Vault count percentage of total count
                 A         B        C        D         E       F
            +---------+---------+-------+---------+---------+-------
      Total |    3290 |    1136 |  25.7 |     121 |      23 |  16.0
            +---------+---------+-------+---------+---------+-------
        D:1 |      37 |       0 |   0.0 |      22 |       0 |   0.0
        D:2 |      53 |      46 |  46.5 |      15 |      17 |  53.1
        D:3 |      19 |       0 |   0.0 |      10 |       0 |   0.0
        D:4 |     683 |       0 |   0.0 |      23 |       0 |   0.0
        D:5 |     472 |       0 |   0.0 |      20 |       0 |   0.0
        D:6 |     649 |       0 |   0.0 |      14 |       0 |   0.0
        D:7 |     409 |     227 |  35.7 |       8 |       2 |  20.0
        D:8 |     968 |     863 |  47.1 |       9 |       4 |  30.8
            +---------+---------+-------+---------+---------+-------
